 Dungeon Crawl Stone Soup version 0.25-a0-547-g27a0b5d1ef (webtiles) character file.

Game seed: 10023364132412861168, levelgen mode: classic

43 EnegeticOcto the Covered (level 3, -1/34 HPs)
             Began as a Deep Dwarf Fighter on Feb 22, 2020.
             Killed from afar by Sigmund (4 damage)
             ... with a puff of flame
             ... on level 2 of the Dungeon.
             The game lasted 00:00:20 (363 turns).

EnegeticOcto the Covered (Deep Dwarf Fighter)        Turns: 363, Time: 00:00:21

Health: -1/34      AC:  8    Str: 20    XL:     3   Next: 37%
Magic:  3/3        EV:  7    Int:  8    God:
Gold:   33         SH:  9    Dex: 12    Spells: 2/2 levels left

rFire    . . .     SeeInvis .   a - +0 war axe
rCold    . . .     Gourm    .   c - +0 kite shield
rNeg     . . .     Faith    .   b - +0 scale mail
rPois    .         Spirit   .   (no helmet)
rElec    .         Reflect  .   (no cloak)
rCorr    .         Harm     .   f - +0 pair of gloves
MR       .....                  (no boots)
Stlth    ..........             (no amulet)
HPRegen  0.00/turn              (no ring)
MPRegen  0.08/turn              (no ring)

@: non-regenerating
A: damage resistance, heal wounds, sense surroundings 1, no regeneration
a: Heal Wounds


You were on level 2 of the Dungeon.
You were not hungry.

You visited 1 branch of the dungeon, and saw 2 of its levels.

You collected 33 gold pieces.

Inventory:

Hand Weapons
 a - a +0 war axe (weapon)
Armour
 b - a +0 scale mail (worn)
 c - a +0 kite shield (worn)
 f - a +0 pair of gloves (worn)
Scrolls
 d - a scroll of magic mapping {unknown}
 g - a scroll of remove curse {unknown}
Potions
 h - a potion of curing {unknown}
 k - a potion of might {@q3}
Comestibles
 e - 2 rations
 i - 5 chunks of flesh


   Skills:
 * Level 3.1 Fighting
 * Level 2.9 Axes
 + Level 3.6 Armour
 + Level 0.8 Dodging
 + Level 3.5 Shields


You had 2 spell levels left.
You didn't know any spells.
Your spell library was empty.

Dungeon Overview and Level Annotations

Branches:
Dungeon (1/15)

Altars:
Zin

Annotations:
D:2 Sigmund


Innate Abilities, Weirdness & Mutations

You are resistant to damage.
You can heal yourself by infusing magical energy.
You passively map a small area around you.
You do not regenerate.


Message History

Robin is moderately wounded.
You miss something. Something hits you.
You hit Robin.
Robin is heavily wounded.
You hit something.
A goblin comes into view. It is wielding a +0 club.
You hear some strange, mumbled words.
A puff of flame appears from out of thin air!
The puff of flame hits you. You block Robin's attack. Something hits you.
The hobgoblin hits you but does no damage.
You slash Robin!
You kill Robin!
You slash the hobgoblin!
You kill the hobgoblin!
You closely miss something. Something hits you.
The goblin hits you but does no damage.
You barely miss the goblin. You closely miss something.
The goblin closely misses you. Something hits you.
You fail to use your ability.
Your shield and scale mail prevent you from hitting the goblin.
You hit the goblin.
You kill the goblin!
You barely miss something. Something hits you but does no damage.
You block the goblin's attack.
You barely miss the goblin. You miss something. Something hits you.
* * * LOW HITPOINT WARNING * * *
The goblin completely misses you. The goblin hits you but does no damage.
You are too injured to fight recklessly!
You are too injured to fight recklessly!
You are too injured to fight recklessly!
You are too injured to fight recklessly!
You feel much better. Something hits you but does no damage.
Your health is already full.
Your health is already full.
You hit the goblin.
The goblin is heavily wounded.
You barely miss something. You block the goblin's attack. Something hits you.
The goblin hits you but does no damage.
You barely miss the goblin.
The goblin is heavily wounded.
You hit something. The goblin hits you but does no damage.
Something hits you but does no damage.
You closely miss the goblin.
The goblin is heavily wounded.
You hit something but do no damage. The goblin barely misses you.
Something hits you!
You slash the goblin!
You kill the goblin!
You hit something.
You hear some strange, mumbled words.
A magic dart appears from out of thin air!
The magic dart hits you.
No target in view!
No target in view!
No target in view!
No target in view!
No target in view!
No target in view!
No target in view!
No target in view!
No target in view!
No target in view!
You feel much better. Something hits you but does no damage.
You feel much better.
No target in view!
You miss something.
You hear some strange, mumbled words.
Something tries to affect you, but you resist.
Something hits you!
You barely miss something. Something hits you but does no damage.
You closely miss something. Something hits you.
You miss something.
Sigmund appears from thin air!
Reactivating autopickup.
Sigmund gestures wildly while chanting.
Sigmund flickers and vanishes!
Deactivating autopickup; reactivate with Ctrl-A.
You miss something. Something hits you!
You miss something.
You hear some strange, mumbled words.
A magic dart appears from out of thin air!
The magic dart hits you.
You miss something. Something hits you!
Your shield and scale mail prevent you from hitting something.
Something hits you.
You hit something. You block something's attack.
Your shield and scale mail prevent you from hitting something.
You hear some strange, mumbled words.
A puff of flame appears from out of thin air!
The puff of flame hits you!
* * * LOW HITPOINT WARNING * * *
You hear some strange, mumbled words.
A magic dart appears from out of thin air!
The magic dart hits you.
* * * LOW HITPOINT WARNING * * *
You fail to use your ability.
A goblin comes into view. It is wielding a +0 club.
You hear some strange, mumbled words.
A puff of flame appears from out of thin air!
The puff of flame hits you.
You die...

* * , # , .#
#######.#####
##..!.))......
#.....@{......*
#..######g####
#..# * # #..# *
, , #######..#
* * #........#
#.#####.## **
,* * #.# #.#
#.# #.# ,


You could see a goblin (wandering).

Vanquished Creatures
  Robin (D:2)
  A gnoll (D:1)
  An ooze (D:1)
  A dart slug (D:1)
  4 hobgoblins (D:2)
  3 jackals (D:1)
  A frilled lizard (D:2)
  3 goblins (D:2)
  A kobold (D:1)
16 creatures vanquished.

Notes
Turn   | Place    | Note
-------+----------+-------------------------------------------
     0 | D:1      | EnegeticOcto the Deep Dwarf Fighter began the quest for the
                  | Orb.
     0 | D:1      | Reached XP level 1. HP: 20/20 MP: 1/1
   151 | D:1      | Reached XP level 2. HP: 21/28 MP: 2/2
   207 | D:1      | You fall into a shaft and drop 1 floor!
   244 | D:2      | Found a glowing silver altar of Zin.
   308 | D:2      | Noticed Sigmund
   333 | D:2      | Noticed Robin
   336 | D:2      | Reached XP level 3. HP: 21/34 MP: 3/3
   341 | D:2      | Killed Robin
   363 | D:2      | Killed from afar by Sigmund

Levels and vault maps discovered:
D:1:      tarquinn_simple_flora_water_a, layout_loops_cross
D:2:      layout_loops_ring, grunt_dithmenos_smoke, zin_academy,
          chequers_ecumenical_altar_island, first_ration, uniq_robin,
          uniq_sigmund, uniq_natasha, uniq_crazy_yiuf_cottage

Skill      XL: |  1 |
---------------+----+-----
Fighting       | 3 |  3.1
Axes           | |  2.9
Armour         | |  3.6
Dodging        | |  0.8
Shields        | |  3.5

Action                   || total
-------------------------++-------
Melee: War axe           ||    70
 Abil: Heal Wounds       ||     5
Armor: Scale mail        ||    33
Dodge: Dodged            ||    21
Block: Kite shield       ||    35

Table legend:
 A = Non-vault XP
 B = Vault XP
 C = Vault XP percentage of total XP
 D = Non-vault monster count
 E = Vault monster count
 F = Vault count percentage of total count
                 A         B        C        D         E       F
            +---------+---------+-------+---------+---------+-------
      Total |      34 |      28 |  45.2 |       8 |       8 |  50.0
            +---------+---------+-------+---------+---------+-------
        D:1 |      33 |       0 |   0.0 |       7 |       0 |   0.0
        D:2 |       1 |      28 |  96.6 |       1 |       8 |  88.9
            +---------+---------+-------+---------+---------+-------
